 Dungeon Crawl Stone Soup version 0.29.1-15-g9cfb28693d (webtiles) character file.

Game seed: 15414168392960601791

592 jtron the Slasher (level 7, -2/53 HPs)
             Began as a Gnoll Wanderer on Mar 21, 2023.
             Slain by Maggie
             ... wielding a +0 long sword
              (10 damage)
             ... on level 6 of the Dungeon.
             The game lasted 00:07:08 (3300 turns).

jtron the Slasher (Gnoll Wanderer)                  Turns: 3300, Time: 00:07:09

Health: -2/53      AC:  5    Str: 10    XL:     7   Next: 39%
Magic:  10/10      EV: 12    Int: 11    God:
Gold:   148        SH:  0    Dex: 15    Spells: 11/11 levels left

rFire   . . .      SeeInvis .   a - +2 falchion
rCold   . . .      Faith    .   (no shield)
rNeg    + . .      Spirit   .   j - +2 robe {rN+}
rPois   .          Reflect  .   k - +0 helmet
rElec   .          Harm     .   (no cloak)
rCorr   .          Rampage  .   (no gloves)
Will    .....                   (no boots)
Stlth   ++........              (no amulet)
HPRegen 0.17/turn               (no ring)
MPRegen 0.12/turn               (no ring)

@: mighty
A: fangs 1, strong nose, distributed training
a: no special abilities


You were on level 6 of the Dungeon.
You visited 1 branch of the dungeon, and saw 4 of its levels.

You collected 148 gold pieces.

Inventory:

Hand Weapons
 a - a +2 falchion (weapon)
 b - a +0 sling
 e - a +0 quarterstaff
Missiles
 l - 9 poisoned darts
 m - 23 stones
 p - 4 javelins (quivered)
Armour
 j - a +2 robe of positive energy (worn)
 k - a +0 helmet (worn)
Wands
 c - a wand of flame (3)
Scrolls
 d - a scroll of teleportation
 o - a scroll of identify {unknown}
Potions
 g - a potion of ambrosia {unknown}
 i - a potion of flight {unknown}
 n - a potion of degeneration {unknown}


   Skills:
 + Level 3.7 Fighting
 + Level 2.5 Short Blades
 + Level 7.1 Long Blades
 + Level 2.5 Axes
 + Level 2.5 Maces & Flails
 + Level 2.5 Polearms
 + Level 5.3 Staves
 + Level 2.5 Ranged Weapons
 + Level 2.5 Throwing
 + Level 3.7 Armour
 + Level 2.5 Dodging
 + Level 3.5 Stealth
 + Level 2.5 Shields
 + Level 2.5 Unarmed Combat
 + Level 2.5 Spellcasting
 + Level 2.1 Conjurations
 + Level 2.1 Hexes
 + Level 2.1 Summonings
 + Level 2.1 Necromancy
 + Level 2.1 Translocations
 + Level 2.1 Transmutations
 + Level 2.1 Fire Magic
 + Level 2.1 Ice Magic
 + Level 2.1 Air Magic
 + Level 2.1 Earth Magic
 + Level 2.1 Poison Magic
 + Level 3.9 Invocations
 + Level 3.7 Evocations


You had 11 spell levels left.
You didn't know any spells.
Your spell library was empty.

Dungeon Overview and Level Annotations

Branches:
Dungeon (6/15)
 Temple: D:4-7

Altars:

Shops:
D:6 *

Annotations:
D:3 1 runed translucent door
D:6 Maggie


Innate Abilities, Weirdness & Mutations

You have very sharp teeth.
Your uncanny sense of smell can sniff out nearby items.
Your experience applies equally to all skills.


Message History

Throw: 10 darts (poison)
Press: ? - help, Q - select action, (/) - cycle Shift-Dir - straight line, f/p - orc
Aim: an orc, wielding a +0 short sword (60% to hit)
You throw a poisoned dart.
The poisoned dart barely misses the orc.
The adder closely misses you. The adder attacks as you move away!
The adder barely misses you. The adder closely misses you.
You slash the adder!
The adder is almost dead.
Maggie looks more healthy.
You kill the adder!
Throw: 5 javelins
Press: ? - help, Q - select action, (/) - cycle Shift-Dir - straight line, f/p - orc
Aim: an orc, wielding a +0 short sword (60% to hit)
You throw a javelin. The javelin pierces through Maggie!
Maggie is moderately wounded.
The javelin barely misses the orc.
Maggie barely misses you.
You slash Maggie! You bite Maggie, but do no damage.
Maggie is moderately wounded.
Maggie casts a spell at you. The bolt of fire hits you!!
You barely miss Maggie.
Maggie is moderately wounded.
The sky beast flickers out of sight!
Deactivating autopickup; reactivate with Ctrl-A.
Maggie says, "Did Master Lance send you?"
Maggie hits you with a +0 long sword.
It was a potion of cancellation.
You feel magically purged. Maggie hits you with a +0 long sword!
* * * LOW HITPOINT WARNING * * *
You barely miss Maggie.
Maggie is moderately wounded.
Maggie hits you with a +0 long sword.
* * * LOW HITPOINT WARNING * * *
It was a potion of might.
You feel very mighty all of a sudden. Maggie hits you with a +0 long sword!
You die...

...∩..#.#.##......####
.....................##
.....##....#......##..#
.....###..........###.#
..................###.#
..<.#####..#..........#
..### #..#.........##
...# #. #......####
.#..... #.##..##@.#
...###.......###@##
.#.. ........o# .###.
...((..### .. ..
...?... #. .. .......
#. ....... .Y ...(... #
.......


You could see Maggie and an orc.

Vanquished Creatures
  Sigmund (D:2)
  A black bear (D:6)
  A kobold brigand (D:6)
  A bullfrog (D:6)
  A hound (D:6)
  An orc priest (D:6)
  2 iguanas (D:6)
  A gnoll (D:1)
  3 adders (D:6)
  2 dart slugs (D:1)
  2 orcs (D:6)
  2 endoplasms
  4 goblins
  8 jackals (D:1)
  2 quokkas
  4 ball pythons (D:1)
  3 bats
  2 frilled lizards (D:1)
  22 kobolds
  4 rats
67 creatures vanquished.

Vanquished Creatures (others)
  11 plants (D:6)
11 creatures vanquished.

Grand Total: 78 creatures vanquished

Notes
Turn   | Place    | Note
-------+----------+-------------------------------------------
     0 | D:1      | jtron the Gnoll Wanderer began the quest for the Orb.
     0 | D:1      | jtron set off with the following items: a +2 falchion, a +0
                  | quarterstaff, a wand of flame (7), a scroll of
                  | teleportation, a +0 robe.
     0 | D:1      | Reached XP level 1. HP: 17/17 MP: 2/2
    92 | D:1      | Reached XP level 2. HP: 22/23 MP: 3/3
   463 | D:1      | Reached XP level 3. HP: 19/28 MP: 4/4
  1546 | D:2      | Reached skill level 1 in Short Blades
  1546 | D:2      | Reached skill level 1 in Axes
  1546 | D:2      | Reached skill level 1 in Maces & Flails
  1546 | D:2      | Reached skill level 1 in Polearms
  1546 | D:2      | Reached skill level 1 in Ranged Weapons
  1546 | D:2      | Reached skill level 1 in Throwing
  1546 | D:2      | Reached skill level 1 in Dodging
  1546 | D:2      | Reached skill level 1 in Shields
  1546 | D:2      | Reached skill level 1 in Unarmed Combat
  1546 | D:2      | Reached skill level 1 in Spellcasting
  1579 | D:2      | Noticed Sigmund
  1702 | D:2      | Killed Sigmund
  1703 | D:2      | Reached skill level 1 in Conjurations
  1703 | D:2      | Reached skill level 1 in Hexes
  1703 | D:2      | Reached skill level 1 in Summonings
  1703 | D:2      | Reached skill level 1 in Necromancy
  1703 | D:2      | Reached skill level 1 in Translocations
  1703 | D:2      | Reached skill level 1 in Transmutations
  1703 | D:2      | Reached skill level 1 in Fire Magic
  1703 | D:2      | Reached skill level 1 in Ice Magic
  1703 | D:2      | Reached skill level 1 in Air Magic
  1703 | D:2      | Reached skill level 1 in Earth Magic
  1703 | D:2      | Reached skill level 1 in Poison Magic
  1703 | D:2      | Reached XP level 4. HP: 30/35 MP: 6/6
  1703 | D:2      | Reached XP level 5. HP: 36/41 MP: 7/7
  2167 | D:3      | Found a runed translucent door.
  2221 | D:3      | You fall into a shaft and drop 3 floors!
  2262 | D:6      | Reached skill level 5 in Staves
  2262 | D:6      | Reached XP level 6. HP: 35/47 MP: 7/9
  2346 | D:6      | Noticed a sky beast
  2366 | D:6      | Found Modebb's Merry Market.
  2856 | D:6      | Noticed a two-headed ogre
  2929 | D:6      | Reached skill level 7 in Long Blades
  2929 | D:6      | Reached XP level 7. HP: 31/52 MP: 10/10
  3286 | D:6      | Noticed Maggie
  3300 | D:6      | Slain by Maggie

Illustrated notes

Levels and vault maps discovered:
D:1:      minmay_arrival_checkered_box, layout_basic
D:2:      layout_basic, uniq_sigmund
D:3:      layout_rooms, minitemple, ebering_ghost_reflecting_pool,
          chequers_serial_rivers_large_a, uniq_robin, uniq_terence,
          uniq_crazy_yiuf_cottage
D:6:      kennysheep_kobold_camp, layout_rooms, nicolae_alphabet_shops,
          st_stairs_1, minmay_misc_feat_pillars, uniq_maggie

Skill      XL: |  1  2  3  4  5  6 |
---------------+-------------------+-----
Short Blades   | 1 2 |  2.5
Axes           | 1 2 |  2.5
Maces & Flails | 1 2 |  2.5
Polearms       | 1 2 |  2.5
Ranged Weapons | 1 2 |  2.5
Throwing       | 1 2 |  2.5
Dodging        | 1 2 |  2.5
Shields        | 1 2 |  2.5
Unarmed Combat | 1 2 |  2.5
Spellcasting   | 1 2 |  2.5
Fighting       | 3 |  3.7
Armour         | 3 |  3.7
Conjurations   | 1 2 |  2.1
Hexes          | 1 2 |  2.1
Summonings     | 1 2 |  2.1
Necromancy     | 1 2 |  2.1
Translocations | 1 2 |  2.1
Transmutations | 1 2 |  2.1
Fire Magic     | 1 2 |  2.1
Ice Magic      | 1 2 |  2.1
Air Magic      | 1 2 |  2.1
Earth Magic    | 1 2 |  2.1
Poison Magic   | 1 2 |  2.1
Invocations    | 3 |  3.9
Evocations     | 3 |  3.7
Stealth        | 3 |  3.5
Staves         | 5 |  5.3
Long Blades    | 7 |  7.1

Action                   |  1- 3 |  4- 6 |  7- 9 || total
-------------------------+-------+-------+-------++-------
Melee: Falchion          |    82 |    76 |    15 ||   173
       Bite              |     6 |     4 |     1 ||    11
       Punch             |     2 |     1 |     1 ||     4
 Fire: Sling             |    12 |     4 |       ||    16
Throw: Dart              |       |     6 |     8 ||    14
       Javelin           |       |       |     1 ||     1
Evoke: Wand              |       |     4 |     3 ||     7
  Use: Potion            |       |     4 |     2 ||     6
       Scroll            |       |     1 |       ||     1
 Stab: Sleeping          |     2 |     2 |       ||     4
       Invisible         |       |     8 |       ||     8
Armor: Robe              |    24 |    17 |     8 ||    49
Dodge: Dodged            |    50 |    64 |     9 ||   123
